 Dungeon Crawl Stone Soup version 0.30-a0-223-gcb0039aa0c (webtiles) character file.

Game seed: 14434187503586526127

3026 qw the Cleaver (level 9, -2/55 HPs)
             Began as a Gargoyle Fighter on Oct 9, 2022.
             Was a Believer of Okawaru.
             Slain by Psyche
             ... wielding a +0 dagger of chaos
              (3 damage)
             ... on level 8 of the Dungeon.
             The game lasted 00:03:10 (8131 turns).

qw the Cleaver (Gargoyle Fighter)                   Turns: 8131, Time: 00:03:10

Health: -2/55      AC:  0    Str: 24    XL:     9   Next: 85%
Magic:  12/12      EV: 15    Int:  9    God:    Okawaru [**....]
Gold:   500        SH:  0    Dex:  9    Spells: 8/8 levels left

rFire   . . .      SeeInvis .      - Unarmed
rCold   . . .      Faith    .    (shield currently unavailable)
rNeg    + . .      Spirit   .    (body armour currently unavailable)
rPois   inf        Reflect  .    (helmet currently unavailable)
rElec   .          Harm     .    (cloak currently unavailable)
rCorr   .          Rampage  .    (gloves currently unavailable)
Will    .....                    (boots currently unavailable)
Stlth   +++.......               (no amulet)
HPRegen 0.29/turn                (ring currently unavailable)
MPRegen 0.13/turn                (ring currently unavailable)

@: pig-form, heroic, invisible (expiring), very quick
A: fast, no casting, sickness immunity, AC +6, small, negative energy resistance
1, (electricity resistance), torment resistance 1, petrification resistance
a: Renounce Religion, Heroism


You were on level 8 of the Dungeon.
You worshipped Okawaru.
Okawaru was pleased with you.
You were a filthy swine.
You visited 2 branches of the dungeon, and saw 9 of its levels.
You also visited: Sewer.

You collected 500 gold pieces.


Innate Abilities, Weirdness & Mutations

You are a filthy swine.
You move quickly.
Your equipment is almost entirely melded.
You are incapable of wielding weapons or throwing items.
You cannot cast spells.
You are immune to sickness and miasma.
((Your stone body is resilient. (AC +6)))
You are immune to poison.
You resist negative energy. (rN+)
((You are resistant to electric shocks. (rElec)))
You are resistant to unholy torment.
You are immune to petrification.


   Skills:
 + Level 6.1(11.1) Fighting
 - Level 9.5(14.5) Axes
 - Level 2.1(7.1) Throwing
 - Level 6.1(11.1) Armour
 - Level 1.2(6.2) Dodging
 - Level 4.1(9.1) Shields
 - Level 4.0 Invocations


You had 8 spell levels left.
You didn't know any spells.
Your spell library was empty.

Inventory:

Hand Weapons
 t - a +0 flail
 Y - a +4 war axe (melded)
Missiles
 g - 2 boomerangs (quivered)
Armour
 c - a +0 buckler (melded)
 n - a +0 cloak (melded)
 o - a +0 plate armour (melded)
 q - a +0 helmet (melded)
 u - a +0 pair of gloves (melded)
Jewellery
 b - a +4 ring of protection (melded)
 h - a ring of see invisible (melded)
 w - a ring of resist corrosion
Scrolls
 a - 5 scrolls of teleportation
 j - a scroll of identify
Potions
 d - 3 potions of might
 e - 2 potions of heal wounds
 f - a potion of cancellation
 i - a potion of curing
 m - 3 potions of lignification
 r - a potion of mutation
 s - a potion of haste
 v - a potion of attraction

Dungeon Overview and Level Annotations

Branches:
Dungeon (8/15)             Temple (1/1) D:4           Sewer (visited)
   Lair: D:8-11

Altars:
Ashenzari
Cheibriados
Dithmenos
Elyvilon
Fedhas
Gozag
Hepliaklqana
Kikubaaqudgha
Makhleb
Nemelex Xobeh
Okawaru
Qazlal
Ru
Sif Muna
Trog
Uskayaw
Wu Jian
Xom
Yredelemnul
Zin
The Shining One

Shops:
D:8 (

Annotations:
D:6 2 transporters, qw's ghost, novice GrFi
D:8 Psyche


Message History

Your +4 ring of protection melds into your body.
Your ring of see invisible melds into your body.
You start resting.
Something barely misses you.
You hear some strange, mumbled words.
A swirling arc of seething chaos appears!
An arc of chaos appears from out of thin air!
Deactivating autopickup; reactivate with Ctrl-A.
The arc of chaos hits you but does no damage.
You resist.
You closely miss something. Something hits you.
You fade into invisibility!
You barely miss something. You miss something. Something hits you.
Something tries to affect you, but you resist.
You closely miss something. Something hits you! Something freezes you.
You hit something but do no damage. Something hits you! Something hits you.
Something burns you.
You miss something. Something hits you. Something freezes you.
You miss something. Something hits you. Something freezes you.
You barely miss something. Something barely misses you.
You miss something. Something barely misses you.
You barely miss something. You miss something. Something barely misses you.
You hit something.
You flicker for a moment.
Something barely misses you.
You barely miss something. Something barely misses you.
You hit something. Something hits you! Something burns you.
You die...

##.#..... #..\.....
#.)#....( #).######
#......# #######)####.#
. .......>.....##
....############........
......{h................
....############.#######
. ###########.#####
#.............).#
#...............#
#...............#
#...............#
#...............##
#................#


There were no monsters in sight!

Vanquished Creatures
  A kobold demonologist (D:8)
  A hornet (D:8)
  A wraith (D:8)
  A wyvern (D:8)
  4 water moccasins
  3 orc warriors
  An ice beast (D:8)
  An ogre (D:5)
  A centaur (D:7)
  A kobold brigand (D:6)
  A bullfrog (D:8)
  A gnoll sergeant (D:8)
  2 scorpions (D:5)
  2 necrophages
  3 hounds
  A jelly (D:5)
  2 orc priests
  2 gnoll boudas (D:5)
  Ijyb (D:3)
  2 iguanas (D:5)
  4 orc wizards
  A merfolk siren (Sewer)
  A merfolk avatar (Sewer)
  12 gnolls
  10 adders
  5 river rats (Sewer)
  3 ufetubi
  3 worms
  4 dart slugs
  18 orcs
  10 ball pythons
  9 endoplasms
  3 giant cockroaches
  8 hobgoblins
  6 jackals
  3 quokkas
  3 training dummies (D:8)
  A ball python skeleton (D:2)
  5 bats
  8 frilled lizards
  12 goblins
  16 kobolds
  19 rats
196 creatures vanquished.

Vanquished Creatures (others)
  2 withered plants (D:2)
2 creatures vanquished.

Grand Total: 198 creatures vanquished

Notes
Turn   | Place    | Note
-------+----------+-------------------------------------------
     0 | D:1      | qw the Gargoyle Fighter began the quest for the Orb.
     0 | D:1      | Reached XP level 1. HP: 14/14 MP: 1/1
     0 | D:1      | 0 ||| qw: Version: 0.2-a-17-g06abaee
     0 | D:1      | 0 ||| qw: Game counter: 2208
     0 | D:1      | 0 ||| qw: Always use a shield: true
     0 | D:1      | 0 ||| qw: God list: Okawaru
     0 | D:1      | 0 ||| qw: Allow faded altars: false
     0 | D:1      | 0 ||| qw: Do Orc after D:15 true
     0 | D:1      | 0 ||| qw: Do second Lair branch before Depths: true
     0 | D:1      | 0 ||| qw: Lair rune preference: random
     0 | D:1      | 0 ||| qw: Plans: Normal, Zot:1-4, God:TSO, Crypt, Tomb,
                  | Pan, Slime:5, Hells, Abyss, Orb
     0 | D:1      | 0 ||| PLANNING D:1-11
     9 | D:1      | 9 ||| Stepping ~*~*~tactically~*~*~ (stealth).
    16 | D:1      | Reached skill level 2 in Axes
    57 | D:1      | Reached XP level 2. HP: 19/19 MP: 2/2
    88 | D:1      | Found a faded altar of an unknown god.
   126 | D:1      | 126 ||| DROPPING +0 club.
   203 | D:1      | 203 ||| Stepping ~*~*~tactically~*~*~ (stealth).
   204 | D:1      | 204 ||| Stepping ~*~*~tactically~*~*~ (stealth).
   416 | D:1      | Reached skill level 3 in Axes
   495 | D:1      | 495 ||| UPGRADING to ring of resist corrosion.
   496 | D:1      | 496 ||| READING scroll labelled ICIGGO ZEAMEI.
   497 | D:1      | 497 ||| READING scroll labelled ABIARA SYENEE.
   599 | D:2      | Reached XP level 3. HP: 23/23 MP: 3/3
   635 | D:2      | 635 ||| Stepping ~*~*~tactically~*~*~ (hiding).
  1280 | D:2      | 1280 ||| UPGRADING to ring of see invisible.
  1281 | D:2      | 1281 ||| READING 2 scrolls labelled ERPHIO JOANGY.
  1282 | D:2      | 1282 ||| READING scroll labelled BOOSOJ CEUPO.
  1283 | D:2      | 1283 ||| READING scroll labelled DUTOEB YVVOU.
  1284 | D:2      | 1284 ||| READING scroll labelled AREREY ZYS YPTED.
  1289 | D:2      | 1289 ||| DRINKING 2 golden potions.
  1290 | D:2      | 1290 ||| DRINKING 2 dark potions.
  1326 | D:2      | 1326 ||| DROPPING scroll of vulnerability.
  1334 | D:3      | 1334 ||| PLANNING SEWER
  1335 | D:3      | 1335 ||| STAIRDANCE
  1353 | D:3      | 1353 ||| STAIRDANCE
  1362 | D:3      | 1362 ||| STAIRDANCE
  1368 | D:2      | Reached XP level 4. HP: 28/28 MP: 4/4
  1385 | D:3      | Reached skill level 4 in Axes
  1406 | D:3      | Found a glowing drain.
  1411 | D:3      | 1411 ||| FLEEEEING.
  1412 | D:3      | 1412 ||| FLEEEEING.
  1413 | D:3      | 1413 ||| FLEEEEING.
  1414 | D:3      | 1414 ||| FLEEEEING.
  1426 | D:3      | 1426 ||| FLEEEEING.
  1430 | D:3      | 1430 ||| STAIRDANCE
  1434 | D:3      | 1434 ||| STAIRDANCE
  1440 | D:3      | 1440 ||| STAIRDANCE
  1463 | Sewer    | Entered a sewer
  1573 | Sewer    | Reached XP level 5. HP: 32/32 MP: 5/5
  1678 | Sewer    | Reached skill level 5 in Axes
  1681 | Sewer    | 1681 ||| Stepping ~*~*~tactically~*~*~ (stealth).
  1736 | Sewer    | 1736 ||| Stepping ~*~*~tactically~*~*~ (stealth).
  1744 | Sewer    | Noticed a malarious merfolk avatar
  1782 | Sewer    | Killed a malarious merfolk avatar
  1884 | Sewer    | 1884 ||| UPGRADING to +0 cloak.
  1889 | Sewer    | 1889 ||| DROPPING +6 ring of intelligence.
  1890 | Sewer    | 1890 ||| DRINKING 3 purple potions.
  1891 | Sewer    | 1891 ||| DROPPING potion of flight.
  1942 | D:3      | 1942 ||| PLANNING D:1-11
  2174 | D:3      | Reached XP level 6. HP: 38/38 MP: 6/6
  2174 | D:3      | Found a snail-covered altar of Cheibriados.
  2308 | D:3      | 2308 ||| Stepping ~*~*~tactically~*~*~ (stealth).
  2310 | D:3      | 2310 ||| Stepping ~*~*~tactically~*~*~ (hiding).
  2322 | D:3      | Reached skill level 1 in Dodging
  2342 | D:3      | 2342 ||| DROPPING +0 mace.
  2535 | D:3      | 2535 ||| DRINKING 2 potions of curing.
  2535 | D:3      | 2535 ||| (to cure confusion)
  2686 | D:3      | 2686 ||| Stepping ~*~*~tactically~*~*~ (hiding).
  2852 | D:3      | Noticed Ijyb
  2853 | D:3      | 2853 ||| Stepping ~*~*~tactically~*~*~ (hiding).
  2854 | D:3      | 2854 ||| Stepping ~*~*~tactically~*~*~ (hiding).
  2865 | D:3      | Paralysed by Ijyb for 3 turns
  2868 | D:3      | Killed Ijyb
  3011 | D:3      | 3011 ||| READING scroll of enchant weapon.
  3011 | D:3      | 3011 ||| ENCHANTING +1 war axe.
  3033 | D:3      | 3033 ||| UPGRADING to +0 helmet.
  3038 | D:3      | 3038 ||| READING scroll labelled ITUJENN CUKLU.
  3039 | D:3      | 3039 ||| READING scroll labelled DIWNUUMPYMI.
  3040 | D:3      | 3040 ||| READING scroll labelled WAGETE FYIDO.
  3091 | D:4      | Identified the +0 robe "Okleh" {Dex+3}
  3121 | D:4      | Noticed an orc warrior
  3138 | D:4      | HP: 6/38 [orc warrior/+0 glaive (6)]
  3139 | D:4      | 3139 ||| READING 4 scrolls of teleportation.
  3140 | D:4      | Killed an orc warrior
  3141 | D:4      | Reached skill level 6 in Axes
  3141 | D:4      | Reached XP level 7. HP: 7/43 MP: 7/7
  3365 | D:4      | Found a blossoming altar of Fedhas.
  3562 | D:4      | Found a staircase to the Ecumenical Temple.
  3563 | D:4      | 3563 ||| PLANNING TEMPLE
  3563 | D:4      | 3563 ||| UPGRADING to +0 plate armour.
  3573 | D:4      | 3573 ||| DROPPING +0 scale mail.
  3595 | Temple   | Entered the Ecumenical Temple
  3598 | Temple   | 3598 ||| PLANNING OKAWARU WORSHIP
  3762 | Temple   | Became a worshipper of Warmaster Okawaru
  3763 | Temple   | 3763 ||| PLANNING D:1-11
  3903 | D:5      | Entered Level 5 of the Dungeon
  3918 | D:5      | 3918 ||| Stepping ~*~*~tactically~*~*~ (hiding).
  4261 | D:5      | 4261 ||| Stepping ~*~*~tactically~*~*~ (hiding).
  4263 | D:5      | 4263 ||| Stepping ~*~*~tactically~*~*~ (hiding).
  4269 | D:5      | Reached skill level 7 in Axes
  4403 | D:5      | 4403 ||| READING scroll of enchant weapon.
  4403 | D:5      | 4403 ||| ENCHANTING +2 war axe.
  4599 | D:5      | 4599 ||| READING scroll of enchant weapon.
  4599 | D:5      | 4599 ||| ENCHANTING +3 war axe.
  4693 | D:5      | Reached * piety under Okawaru
  4694 | D:5      | Reached XP level 8. HP: 49/49 MP: 8/8
  4776 | D:5      | 4776 ||| INVOKING Heroism.
  4787 | D:5      | Reached skill level 1 in Invocations
  5424 | D:5      | 5424 ||| UPGRADING to +0 pair of gloves.
  5429 | D:5      | 5429 ||| UPGRADING to +4 ring of protection.
  5431 | D:5      | 5431 ||| DRINKING 2 orange potions.
  5432 | D:5      | 5432 ||| READING 2 scrolls of identify.
  5432 | D:5      | 5432 ||| IDENTIFYING fuming cyan potion
  5484 | D:6      | 5484 ||| STAIRDANCE
  5495 | D:6      | 5495 ||| STAIRDANCE
  5540 | D:6      | 5540 ||| STAIRDANCE
  5542 | D:5      | 5542 ||| INVOKING Heroism.
  5566 | D:6      | 5566 ||| INVOKING Heroism.
  5573 | D:6      | Reached skill level 3 in Invocations
  5733 | D:6      | 5733 ||| Stepping ~*~*~tactically~*~*~ (stealth).
  5734 | D:6      | 5734 ||| Stepping ~*~*~tactically~*~*~ (stealth).
  5942 | D:6      | Noticed qw's ghost (novice GrFi)
  5943 | D:6      | Found a transporter.
  5943 | D:6      | Found a transporter.
  5960 | D:6      | 5960 ||| INVOKING Heroism.
  6291 | D:6      | Found a glowing golden altar of the Shining One.
  6659 | D:6      | 6659 ||| READING scroll labelled YXTEISK VATUE.
  6660 | D:6      | 6660 ||| READING scroll labelled JESEYR RUAM.
  6771 | D:7      | 6771 ||| Stepping ~*~*~tactically~*~*~ (hiding).
  6773 | D:7      | 6773 ||| Stepping ~*~*~tactically~*~*~ (hiding).
  6776 | D:7      | 6776 ||| DRINKING 2 potions of curing.
  6776 | D:7      | 6776 ||| (to cure confusion)
  6778 | D:7      | 6778 ||| INVOKING Heroism.
  6790 | D:7      | Reached skill level 8 in Axes
  6825 | D:7      | 6825 ||| Stepping ~*~*~tactically~*~*~ (stealth).
  6827 | D:7      | 6827 ||| Stepping ~*~*~tactically~*~*~ (hiding).
  6828 | D:7      | 6828 ||| FLEEEEING.
  6829 | D:7      | 6829 ||| Stepping ~*~*~tactically~*~*~ (hiding).
  6830 | D:7      | 6830 ||| Stepping ~*~*~tactically~*~*~ (hiding).
  6831 | D:7      | 6831 ||| Stepping ~*~*~tactically~*~*~ (hiding).
  6833 | D:7      | 6833 ||| FLEEEEING.
  6834 | D:7      | 6834 ||| Stepping ~*~*~tactically~*~*~ (hiding).
  6835 | D:7      | 6835 ||| INVOKING Heroism.
  6845 | D:7      | Reached skill level 6 in Fighting
  6845 | D:7      | Reached XP level 9. HP: 36/55 MP: 10/12
  7451 | D:7      | 7451 ||| READING 6 scrolls of identify.
  7451 | D:7      | 7451 ||| IDENTIFYING viscous pink potion
  7452 | D:7      | 7452 ||| READING 5 scrolls of identify.
  7452 | D:7      | 7452 ||| IDENTIFYING metallic purple potion
  7453 | D:7      | 7453 ||| READING 4 scrolls of identify.
  7453 | D:7      | 7453 ||| IDENTIFYING pink potion
  7454 | D:7      | 7454 ||| READING 3 scrolls of identify.
  7454 | D:7      | 7454 ||| IDENTIFYING viscous golden potion
  7455 | D:7      | 7455 ||| READING 2 scrolls of identify.
  7455 | D:7      | 7455 ||| IDENTIFYING coppery potion
  7456 | D:7      | 7456 ||| DROPPING potion of ambrosia.
  7457 | D:7      | 7457 ||| DROPPING potion of berserk rage.
  7458 | D:7      | 7458 ||| DROPPING potion of brilliance.
  7534 | D:8      | 7534 ||| Stepping ~*~*~tactically~*~*~ (hiding).
  7570 | D:8      | 7570 ||| Stepping ~*~*~tactically~*~*~ (stealth).
  7571 | D:8      | 7571 ||| Stepping ~*~*~tactically~*~*~ (stealth).
  7572 | D:8      | 7572 ||| Stepping ~*~*~tactically~*~*~ (stealth).
  7573 | D:8      | 7573 ||| Stepping ~*~*~tactically~*~*~ (stealth).
  7604 | D:8      | Found Ryhann's Firing Range.
  7606 | D:8      | 7606 ||| Stepping ~*~*~tactically~*~*~ (stealth).
  7610 | D:8      | Reached ** piety under Okawaru
  7612 | D:8      | 7612 ||| Stepping ~*~*~tactically~*~*~ (hiding).
  7708 | D:8      | Noticed a hornet
  7714 | D:8      | 7714 ||| INVOKING Heroism.
  7718 | D:8      | Killed a hornet
  7722 | D:8      | Noticed a kobold demonologist
  7723 | D:8      | 7723 ||| Stepping ~*~*~tactically~*~*~ (stealth).
  7729 | D:8      | 7729 ||| Stepping ~*~*~tactically~*~*~ (stealth).
  7871 | D:8      | 7871 ||| Stepping ~*~*~tactically~*~*~ (stealth).
  7876 | D:8      | 7876 ||| Stepping ~*~*~tactically~*~*~ (stealth).
  7880 | D:8      | Killed a kobold demonologist
  7881 | D:8      | Reached skill level 9 in Axes
  7918 | D:8      | Reached skill level 6 in Armour
  7994 | D:8      | 7994 ||| INVOKING Heroism.
  8109 | D:8      | Noticed Psyche
  8110 | D:8      | 8110 ||| INVOKING Heroism.
  8124 | D:8      | HP: 12/55 [something (5)]
  8131 | D:8      | HP: 1/55 [something (10)]
  8131 | D:8      | Slain by Psyche

Levels and vault maps discovered:
D:1:      onia_arrival_pyramid, layout_rooms, basic_ecumenical_altar
D:2:      layout_basic, serial_undead, serial_undead_f, serial_undead_f,
          serial_undead_e, serial_undead_c
D:3:      kennysheep_goblin_castle, layout_basic, kennysheep_slug_shrine,
          cheibrodos_sewer_entry_drain
D:4:      layout_basic, fedhas_ov_isle_minmay, minmay_temple_entry_crystal_x
D:5:      layout_layer_cave
D:6:      layout_layer_cave, overflow_temple_1_default, gammafunk_ghost_smash
D:7:      layout_basic
D:8:      layout_basic, nicolae_shop_firing_range, uniq_psyche
Temple:   regret_index_temple_mists

Skill      XL: |  1  2  3  4  5  6  7  8  9 |
---------------+----------------------------+-----
Axes           | 2 3 4 5 6 7 8 9 |  9.5
Fighting       | 4 5 6 |  6.1
Dodging        | 1 |  1.2
Armour         | 4 5 6 |  6.1
Invocations    | 4 |  4.0
Throwing       | 2 |  2.1
Shields        | 4 |  4.1

Action                   |  1- 3 |  4- 6 |  7- 9 || total
-------------------------+-------+-------+-------++-------
Melee: War axe           |    99 |   231 |   286 ||   616
       Unarmed           |       |       |    14 ||    14
Throw: Boomerang         |       |       |    20 ||    20
Invok: Heroism           |       |       |     9 ||     9
  Use: Scroll            |     6 |     5 |    10 ||    21
       Potion            |     2 |     2 |     2 ||     6
Armor: Scale mail        |    54 |   143 |     4 ||   201
       Plate armour      |       |       |   195 ||   195
Dodge: Dodged            |    49 |   105 |    86 ||   240
Block: Buckler           |    24 |    42 |    51 ||   117

Table legend:
 A = Non-vault XP
 B = Vault XP
 C = Vault XP percentage of total XP
 D = Non-vault monster count
 E = Vault monster count
 F = Vault count percentage of total count
                 A         B        C        D         E       F
            +---------+---------+-------+---------+---------+-------
      Total |    4054 |     269 |   6.2 |     142 |      54 |  27.6
            +---------+---------+-------+---------+---------+-------
        D:1 |      33 |       0 |   0.0 |      19 |       0 |   0.0
        D:2 |      51 |       1 |   1.9 |      16 |       1 |   5.9
        D:3 |     153 |      64 |  29.5 |      24 |      16 |  40.0
        D:4 |     241 |       0 |   0.0 |      10 |       0 |   0.0
        D:5 |     886 |       0 |   0.0 |      24 |       0 |   0.0
        D:6 |     350 |       0 |   0.0 |      15 |       0 |   0.0
        D:7 |     826 |       0 |   0.0 |      15 |       0 |   0.0
        D:8 |    1514 |       6 |   0.4 |      19 |       3 |  13.6
      Sewer |       0 |     198 | 100.0 |       0 |      34 | 100.0
            +---------+---------+-------+---------+---------+-------
